 Dungeon Crawl Stone Soup version 0.21-a0-513-gdcb3f5e (webtiles) character file.

2244 nono the Zephyrmancer (level 9, -5/49 HPs)
             Began as a Tengu Air Elementalist on Oct 29, 2017.
             Was a Follower of Vehumet.
             Slain by a yak (18 damage)
             ... on level 7 of the Dungeon on Dec 2, 2017.
             The game lasted 00:32:42 (7633 turns).

nono the Zephyrmancer (Tengu Air Elementalist)      Turns: 7633, Time: 00:32:44

Health: -5/49      AC:  4    Str: 10    XL:     9   Next: 37%
Magic:  6/15       EV: 13    Int: 18    God:    Vehumet [*.....]
Gold:   330        SH:  0    Dex: 16    Spells: 5/14 levels left

rFire    . . .     SeeInvis .   i - +0 dagger (venom)
rCold    + . .     Gourm    .   (no shield)
rNeg     . . .     Faith    .   a - +0 robe
rPois    .         Spirit   .   (helmet restricted)
rElec    .         Reflect  .   y - +0 cloak
rCorr    .         Harm     +   d - +0 pair of gloves
MR       .....                  (boots unavailable)
Stlth    ++........             s - amulet of harm
HPRegen  0.16/turn              g - ring of protection from cold
MPRegen  0.14/turn              w - +2 ring of strength

@: no status effects
A: beak, talons 3, able to fly 1
a: Fly, Renounce Religion


You were on level 7 of the Dungeon.
You worshipped Vehumet.
Vehumet was aware of your devotion.
You were hungry.

You visited 2 branches of the dungeon, and saw 8 of its levels.

You collected 360 gold pieces.
You spent 30 gold pieces at shops.

Inventory:

Hand Weapons
 i - a +0 dagger of venom (weapon)
 j - a +0 club
 k - a +0 dagger
 z - a +0 blowgun
Armour
 a - a +0 robe (worn)
 d - a +0 pair of gloves (worn)
 l - a +0 shield
 y - a +0 cloak (worn)
Jewellery
 g - a ring of protection from cold (left hand)
 s - an amulet of harm (around neck)
 w - a +2 ring of strength (right hand)
Scrolls
 e - 3 scrolls of enchant weapon
 f - 3 scrolls of identify
 m - a scroll of teleportation
 o - 3 scrolls of remove curse
 p - a scroll of fog
 v - a scroll of blinking
 x - 2 scrolls of amnesia
Potions
 n - a potion of ambrosia
 q - 3 potions of lignification
 r - a potion of might
 A - a potion of resistance {unknown}
Books
 b - a book of Air

   Spells                             Type                      Level
   a - Shock                          Conjuration/Air              1
   b - Swiftness                      Charms/Air                   2
   c - Static Discharge               Conjuration/Air              3
   d - Airstrike                      Air                          4
   e - Lightning Bolt                 Conjuration/Air              5
Comestibles
 c - 3 bread rations
 t - 4 fruits
 u - 5 royal jellies


   Skills:
 + Level 2.8 Fighting
 - Level 2.1 Dodging
 - Level 2.0 Stealth
 + Level 3.4 Spellcasting
 - Level 9.1 Conjurations
 - Level 12.1 Air Magic


You had 5 spell levels left.
You knew the following spells:

 Your Spells              Type           Power        Failure   Level  Hunger
a - Shock                 Conj/Air       ####         1%          1    None
b - Static Discharge      Conj/Air       #####...     1%          3    ###....
c - Airstrike             Air            #####.....   1%          4    ####...
d - Magic Dart            Conj           ####         1%          1    None


Dungeon Overview and Level Annotations

Branches:
Dungeon (7/15)             Temple (1/1) D:5

Altars:
Ashenzari
Cheibriados
Elyvilon
Fedhas
Gozag
Hepliaklqana
Makhleb
Nemelex Xobeh
Okawaru
Ru
Trog
Vehumet
Wu Jian
Xom

Shops:
D:5 *


Innate Abilities, Weirdness & Mutations

You have a beak for a mouth.
You have claws for feet.
You can fly.


Message History

The hog is struck by lightning.
The hog is heavily wounded.
The lightning grounds out.
The hog bites you. The hog barely misses you.
Casting: Static Discharge
Confirm with . or Enter, or press ? or * to list all spells.
The hog is struck by lightning.
The hog is heavily wounded.
The lightning arcs!
You are struck by lightning.
* * * LOW HITPOINT WARNING * * *
The lightning grounds out.
The yak is struck by lightning.
The yak is lightly wounded.
The lightning arcs!
You are struck by lightning.
* * * LOW HITPOINT WARNING * * *
The lightning arcs!
The hog is struck by lightning.
The hog is severely wounded.
The lightning grounds out.
The hog completely misses you. The yak gores you!
* * * LOW HITPOINT WARNING * * *
You feel better. The hog barely misses you.
The hog bites you but does no damage. The yak gores you!
You die...

#.# #.####.##.......#
#. #.#
#.##...##.......# #.
#.# #.##.####.......#
## #.# #.##.# #.......#
# #.# #.##.# #####.###
# #.# #....# #.# ####
#.# ####.## #.# #...
#.#######...#######.#
##.##
#.............@h.†..###
#....
#########...(..Y......#
#.###
#######.########.#.##
#.# #...###.# #....#
#.# #.......# #.#'##
#.# #...##### #.#.!#
#.### ##.##
#.#..#..#.... #.#
#.#.?'..#.... #.#
#)#%.#..##.#.


You could see a yak and a hog.

Vanquished Creatures
  2 hogs (D:7)
  A human (D:7)
  The ghost of Slyspawn the Chiller, an amateur MfIE (D:4)
  An ice beast (D:7)
  A black bear (D:7)
  A phantom (D:5)
  A necrophage (D:7)
  2 ogres
  2 centaurs
  A bullfrog (D:7)
  2 howler monkeys
  A crimson imp (D:6)
  A hound (D:6)
  A gnoll shaman (D:4)
  An orc priest (D:7)
  A jelly (D:6)
  5 orc wizards
  2 iguanas (D:7)
  An iron imp (D:6)
  3 bullfrog skeletons
  4 worker ants
  2 howler monkey zombies (D:5)
  8 gnolls
  14 adders
  A howler monkey skeleton (D:4)
  2 shadow imps
  2 adder skeletons
  5 worms
  2 dart slugs
  5 leopard geckos
  22 orcs
  3 giant cockroaches
  4 goblins
  5 hobgoblins
  8 jackals
  6 kobolds
  3 quokkas
  2 ball pythons
  3 bats
  4 frilled lizards
  3 rats
139 creatures vanquished.

Notes
Turn   | Place    | Note
-------+----------+-------------------------------------------
     0 | D:1      | nono the Tengu Air Elementalist began the quest for the Orb.
     0 | D:1      | Reached XP level 1. HP: 10/10 MP: 4/4
   161 | D:1      | Reached XP level 2. HP: 15/15 MP: 3/6
  1179 | D:2      | Reached XP level 3. HP: 19/19 MP: 4/7
  1190 | D:2      | Learned a level 3 spell: Static Discharge
  1219 | D:2      | Reached skill level 5 in Air Magic
  1674 | D:2      | Reached XP level 4. HP: 24/24 MP: 4/8
  2636 | D:3      | Gained mutation: You can fly. [Tengu growth]
  2636 | D:3      | Reached XP level 5. HP: 19/28 MP: 3/9
  2690 | D:3      | Learned a level 4 spell: Airstrike
  3003 | D:3      | Reached skill level 6 in Air Magic
  3302 | D:4      | Found a shattered altar of Ashenzari.
  3302 | D:4      | Noticed an ogre
  3327 | D:4      | Killed an ogre
  3327 | D:4      | Reached skill level 5 in Conjurations
  3327 | D:4      | Reached skill level 7 in Air Magic
  3327 | D:4      | Reached XP level 6. HP: 32/32 MP: 4/10
  3402 | D:4      | You fall through a shaft!
  3402 | D:5      | Entered Level 5 of the Dungeon
  3567 | D:5      | Noticed a phantom
  3734 | D:5      | Killed a phantom
  3734 | D:5      | Reached skill level 8 in Air Magic
  3734 | D:5      | Reached XP level 7. HP: 29/36 MP: 0/11
  4066 | D:5      | Found Kaureczaqa's General Store.
  4074 | D:5      | Bought a scroll of fog for 30 gold pieces
  4120 | D:5      | Found a burning altar of Makhleb.
  4381 | D:4      | Noticed Slyspawn's ghost (amateur MfIE)
  4383 | D:4      | Killed Slyspawn's ghost
  4383 | D:4      | Reached skill level 9 in Air Magic
  4457 | D:4      | Found a sparkling altar of Nemelex Xobeh.
  4876 | D:4      | Reached XP level 8. HP: 36/41 MP: 2/12
  5185 | D:5      | Found a staircase to the Ecumenical Temple.
  5194 | Temple   | Entered the Ecumenical Temple
  5265 | Temple   | Became a worshipper of Vehumet
  5401 | D:6      | Reached skill level 10 in Air Magic
  5566 | D:6      | Found a snail-covered altar of Cheibriados.
  6227 | D:7      | Reached skill level 11 in Air Magic
  6534 | D:7      | Reached XP level 9. HP: 40/45 MP: 5/13
  6714 | D:7      | Reached skill level 12 in Air Magic
  6720 | D:7      | Reached * piety under Vehumet
  6720 | D:7      | Offered knowledge of Magic Dart by Vehumet.
  6724 | D:7      | Learned a level 1 spell: Magic Dart
  6952 | D:7      | Reached skill level 1 in Fighting
  7630 | D:7      | Upgraded the game from 0.21-a0-404-g291f19a to 0.21-a0-513-gdcb3f5e
  7633 | D:7      | Slain by a yak

Vault maps used:
D:1:      minmay_arrival_floating_metal, fountainhead
D:2:      nrook_mini_vaults, st_stairs_5
D:3:      first_bread
D:4:      nemelex_altar_shiori, evilmike_ruin_ashenzari, serial_park_tiny_1,
          kennysheep_generic_room_2
D:5:      bloody_makhleb, temple_hall, serial_shops, nicolae_shop_stone,
          minmay_holes, minmay_crystal_water
D:6:      slow_altar_1
D:7:      grunt_livestock
Temple:   dpeg_chambers_temple

Skill      XL: |  1  2  3  4  5  6  7  8  9 |
---------------+----------------------------+-----
Conjurations   | 2 3 4 5 6 7 8 9 |  9.1
Air Magic      | 5 7 8 9 11 12 | 12.1
Fighting       | 2 |  2.8
Spellcasting   | 3 |  3.4
Dodging        | |  2.1
Stealth        | |  2.0

Action                   |  1- 3 |  4- 6 |  7- 9 || total
-------------------------+-------+-------+-------++-------
Melee: Kick              |     2 |     6 |     2 ||    10
       Dagger            |     1 |    20 |    15 ||    36
       Unarmed           |     1 |       |       ||     1
       Short sword       |     3 |     5 |       ||     8
       Peck              |       |     3 |     2 ||     5
 Cast: Shock             |    56 |    77 |   151 ||   284
       Static Discharge  |     1 |     1 |     9 ||    11
       Airstrike         |       |     1 |     7 ||     8
  Use: Potion            |     2 |     1 |     2 ||     5
       Scroll            |       |    12 |     4 ||    16
 Stab: Sleeping          |       |     2 |     1 ||     3
  Eat: Chunk             |     3 |     8 |    10 ||    21
       Bread ration      |       |       |     1 ||     1
       Fruit             |       |       |     2 ||     2
Armor: Robe              |       |     6 |     9 ||    15
Dodge: Dodged            |    12 |    39 |    49 ||   100

Table legend:
 A = Spawn XP
 B = Non-spawn XP
 C = Spawn XP percentage of total XP
 D = Spawn monster count
 E = Non-spawn monster count
 F = Spawn count percentage of total count
 G = Total turns spent on level
                    A         B        C        D         E        F      G
               +---------+---------+-------+---------+---------+-------+---------
         Total |       0 |    3207 |   0.0 |       0 |     139 |   0.0 |  7633
               +---------+---------+-------+---------+---------+-------+---------
           D:1 |       0 |      29 |   0.0 |       0 |      14 |   0.0 |   984
           D:2 |       0 |      60 |   0.0 |       0 |      12 |   0.0 |  1045
           D:3 |       0 |     105 |   0.0 |       0 |      26 |   0.0 |  1089
           D:4 |       0 |     545 |   0.0 |       0 |      28 |   0.0 |  1138
           D:5 |       0 |     548 |   0.0 |       0 |      16 |   0.0 |  1030
           D:6 |       0 |     395 |   0.0 |       0 |      16 |   0.0 |   789
           D:7 |       0 |    1525 |   0.0 |       0 |      27 |   0.0 |  1455
               +---------+---------+-------+---------+---------+-------+---------
